AoeStats
← john3206

Black Forest

511897601Analyzed
4v4 RM · 7d ago on Oct 7, 2026· 48m 18s· 8 players
Game mode
Random Map
Map size
Large (8 player)
Population
200
Speed
Normal
Resources
Standard
Victory
Conquest
Starting age
Dark Age
Ending age
Imperial Age
RankedLock teamsTeams togetherTeam positionsShared explorationLock speedFull tech treeHidden civsTurbo modeCheats
Victory
Defeat
🇺🇸 Bulgarians · United States
1146
+13
🇺🇸 Poles · United States
1127
+14
🇺🇸 Varangians · United States
1126
+14
🇺🇸 Burmese · United States
1122
+14
vs
🇦🇷 Dravidians · Argentina
1108
-15
🇲🇽 Mongols · Mexico
1097
-14
🇲🇽 Franks · Mexico
1064
-13
🇨🇳 Persians · China
1054
-13
[BK] Ayala_27
0:28 Loom
21:25 Feudal Age
26:09 Castle Age
24:33 Double-Bit Axe
26:11 Stone Mining
27:06 Horse Collar
27:44 Town Watch
32:39 Fortified Wall
40:45 Medium Warships
46:41 Imperial Age
44:55 Wheelbarrow
47:02 Imperial Age
Dr_muerte_23
11:57 Feudal Age
19:12 Castle Age
18:14 Loom
18:22 Gold Mining
18:20 Double-Bit Axe
19:26 Fishing Lines
19:41 Stone Mining
22:24 Wheelbarrow
24:30 Bow Saw
24:38 Gillnets
27:50 Hand Cart
27:32 Treadmill Crane
28:42 Gold Shaft Mining
28:56 Fortified Wall
28:59 Masonry
30:15 Town Watch
34:03 Imperial Age
31:57 Ballistics
31:33 Murder Holes
32:13 Husbandry
32:51 Caravan
34:16 Forging
33:57 Fletching
34:08 Padded Archer Armor
34:57 Scale Barding Armor
36:00 Chemistry
34:30 Cavalier
34:35 Cranequins
36:02 Architecture
35:19 Ordonnance Companies
36:20 Conscription
37:03 Iron Casting
36:49 Chain Barding Armor
36:56 Bodkin Arrow
37:26 Leather Archer Armor
37:44 Town Patrol
39:28 Blast Furnace
38:56 Heavy Mounted Crossbowman
43:00 Plate Barding Armor
43:11 Chivalry
43:51 Hoardings
45:10 Paladin
Red-haired-devil
8:39 Loom
11:34 Feudal Age
15:30 Castle Age
14:17 Double-Bit Axe
16:48 Wheelbarrow
16:42 Bow Saw
25:54 Hand Cart
25:56 Horse Collar
26:41 Heavy Plow
29:45 Imperial Age
27:06 Gold Mining
29:23 Gold Shaft Mining
30:26 Scale Barding Armor
30:31 Forging
30:37 Husbandry
30:49 Bloodlines
30:03 Onager
30:34 Cavalier
31:48 Chain Barding Armor
31:32 Caravan
32:37 Two-Man Saw
32:11 Savar
32:54 Town Watch
34:26 Iron Casting
34:34 Plate Barding Armor
37:59 Blast Furnace
39:09 Conscription
39:26 Hoardings
Peter Cabreli
1:06 Loom
14:25 Feudal Age
18:06 Castle Age
16:08 Double-Bit Axe
18:03 Fishing Lines
19:05 Bow Saw
21:21 Horse Collar
23:18 Gillnets
28:16 Wheelbarrow
32:05 Imperial Age
29:52 Hand Cart
29:22 Town Watch
30:45 Fletching
31:16 Ballistics
31:29 Bodkin Arrow
31:41 Medical Corps
32:36 Padded Archer Armor
32:08 Elite Elephant Archer
32:54 Thumb Ring
32:50 Bracer
33:52 Chemistry
33:11 Gold Mining
33:12 Stone Mining
33:28 Caravan
33:53 Siege Elephant
35:12 Heavy Plow
40:09 Leather Archer Armor
39:56 Scale Mail Armor
40:01 Scale Barding Armor
40:08 Husbandry
41:33 Conscription
42:24 Two-Man Saw
42:52 Ring Archer Armor
42:43 Chain Barding Armor
44:22 Coinage
john3206
0:28 Loom
17:29 Feudal Age
22:39 Castle Age
21:26 Double-Bit Axe
24:22 Bow Saw
24:45 Town Watch
26:58 Horse Collar
29:35 Wheelbarrow
31:25 Fortified Wall
32:03 Gold Mining
35:59 Imperial Age
34:10 Hand Cart
35:30 Forging
35:25 Scale Barding Armor
35:10 Fletching
34:57 Light Cavalry
35:47 Bloodlines
35:38 Husbandry
36:22 Onager
37:12 Winged Hussar
37:14 Cavalier
38:38 Szlachta Privileges
40:25 Conscription
41:08 Chemistry
41:37 Siege Engineers
42:44 Iron Casting
42:29 Chain Barding Armor
43:50 Lechitic Legacy
Rodent Born Out of Wedlock
1:44 Loom
14:20 Feudal Age
18:20 Castle Age
16:32 Double-Bit Axe
17:11 Fishing Lines
17:16 Horse Collar
20:36 Stone Mining
21:35 Bow Saw
22:14 Wheelbarrow
26:29 Gillnets
28:48 Hand Cart
28:45 Heavy Plow
30:02 Gold Mining
30:49 Stone Shaft Mining
30:42 Scale Barding Armor
30:50 Forging
34:04 Imperial Age
32:22 Chain Barding Armor
32:05 Scale Mail Armor
32:41 Iron Casting
32:45 Devotion
33:25 Squires
33:12 Gambesons
34:11 Chain Mail Armor
33:47 Fletching
34:28 Treadmill Crane
35:12 Ballistics
35:22 Guilds
35:13 Caravan
34:51 Elite Jarl
36:21 Conscription
37:41 Two-Man Saw
36:56 Bloodlines
36:46 Husbandry
38:32 Blast Furnace
38:14 Plate Barding Armor
41:24 Onager
42:58 Squires
42:19 Pikeman
banthafodder
11:35 Feudal Age
18:19 Castle Age
22:57 Fishing Lines
24:13 Wheelbarrow
23:35 Horse Collar
23:48 Gold Mining
25:51 Husbandry
26:02 Bloodlines
28:04 Gold Shaft Mining
31:07 Imperial Age
30:54 Manipur Cavalry
31:18 Hand Cart
31:47 Scale Barding Armor
31:53 Forging
31:33 Fletching
32:21 Howdah
34:21 Siege Engineers
34:42 Chain Barding Armor
34:58 Iron Casting
33:51 Elite Battle Elephant
35:41 Conscription
35:20 Town Watch
35:46 Heavy Plow
37:37 Chemistry
37:19 Plate Barding Armor
37:49 Blast Furnace
Chicken_Naijeeri
0:48 Loom
13:32 Feudal Age
20:50 Castle Age
19:46 Double-Bit Axe
21:24 Horse Collar
21:46 Fishing Lines
22:31 Heavy Plow
28:45 Bow Saw
30:10 Wheelbarrow
30:19 Scale Mail Armor
32:34 Hand Cart
32:18 Stone Mining
33:39 Chain Mail Armor
35:11 Bloodlines
35:02 Husbandry
35:15 Forging
35:11 Pikeman
43:01 Iron Casting
42:37 Town Watch
50:02 Imperial Age
48:01 Caravan
49:02 Scale Barding Armor
Connection lost

Rejoining the realm…

Still unreachable

The connection could not be restored.

Session expired

The server has moved on; the page needs a fresh start.